 Dungeon Crawl Stone Soup version 0.23-a0-49-gd9f7a49 (webtiles) character file.

621 Amnesiac the Digger (level 7, -1/46 HPs)
             Began as a Mummy Earth Elementalist on Aug 6, 2018.
             Was an Initiate of Vehumet.
             Slain by a centaur (9 damage)
             ... on level 5 of the Dungeon.
             The game lasted 00:07:40 (3705 turns).

Amnesiac the Digger (Mummy Earth Elementalist)      Turns: 3705, Time: 00:07:41

Health: -1/46      AC:  2    Str: 11    XL:     7   Next: 22%
Magic:  1/15       EV: 12    Int: 16    God:    Vehumet [......]
Gold:   170        SH:  0    Dex: 13    Spells: 2/17 levels left

rFire    . . .     SeeInvis .   d - +0 spear
rCold    + + .     Gourm    .   (no shield)
rNeg     + + +     Faith    .   c - +0 robe
rPois    ∞         Spirit   .   (no helmet)
rElec    .         Reflect  .   a - scarf {rC+ rF+}
rCorr    .         Harm     .   (no gloves)
MR       .....                  (no boots)
Stlth    ++........             (no amulet)
HPRegen  0.15/turn              (no ring)
MPRegen  0.14/turn              (no ring)

@: about to teleport, very slightly contaminated
A: no food or potions, fire vulnerability, cold resistance 1, negative energy
resistance 3, torment resistance, unbreathing
a: Renounce Religion


You were on level 5 of the Dungeon.
You worshipped Vehumet.
Vehumet was noncommittal.
You were not hungry.

You visited 2 branches of the dungeon, and saw 7 of its levels.
You also visited: Sewer.

You collected 170 gold pieces.

Inventory:

Hand Weapons
 d - a +0 spear (weapon)
Missiles
 k - 7 stones (quivered)
Armour
 a - a scarf of resistance (worn)
 c - a +0 robe (worn)
 g - a scarf of spirit shield
Jewellery
 j - an uncursed ring of flight {unknown}
 l - an uncursed amulet of regeneration {unknown}
Scrolls
 b - 2 scrolls of magic mapping {!r, unknown}
 e - a scroll of amnesia {!r, unknown}
 f - 2 scrolls of identify {!r, unknown}
 h - 2 scrolls of teleportation {!r}
 i - 2 scrolls of remove curse {!r}


   Skills:
 - Level 1.5 Dodging
 - Level 1.5 Stealth
 + Level 5.9 Spellcasting
 - Level 0.7 Transmutations
 * Level 5.9 Earth Magic


You had 2 spell levels left.
You knew the following spells:

 Your Spells              Type           Power        Failure   Level  Hunger
a - Stone Arrow           Conj/Erth      ##....       12%         3    N/A
b - Passwall              Tmut/Erth      ###.....     5%          2    N/A
c - Sandblast             Erth           ###...       1%          1    N/A
d - Lee's Rapid Deconstr  Erth           ###.......   32%         5    N/A
e - Petrify               Tmut/Erth      ###.....     34%         4    N/A

Your spell library contained the following spells:

 Spells                   Type           Power        Failure   Level  Hunger
 Apportation              Tloc           #.....       14%         1    N/A
 Summon Small Mammal      Summ           #...         14%         1    N/A
 Animate Skeleton         Necr           N/A          14%         1    N/A
 Confusing Touch          Hex            #.....       14%         1    N/A

Dungeon Overview and Level Annotations

Branches:
Dungeon (6/15)             Temple (1/1) D:5

Altars:
Ashenzari
Gozag
Ru
Sif Muna
Uskayaw
Vehumet
Wu Jian
The Shining One

Shops:
D:4 :

Annotations:
D:2 Terence
D:4 1 exclusion


Innate Abilities, Weirdness & Mutations

You do not eat or drink.
Your flesh is vulnerable to fire.
You are immune to poison.
Your flesh is cold resistant. (rC+)
You are immune to negative energy. (rN+++)
You are immune to unholy pain and torment.
You can survive without breathing.


Message History

Confirm with . or Enter, or press ? or * to list all spells.
Aiming: Stone Arrow (safe; 13% risk of failure)
Press: ? - help, Shift-Dir - straight line, f - centaur
Aim: a centaur The stone arrow hits the centaur.
The centaur is heavily wounded.
The centaur shouts!
The centaur hits you.
Unknown command.
Casting: Stone Arrow (safe; 13% risk of failure)
Confirm with . or Enter, or press ? or * to list all spells.
Aiming: Stone Arrow (safe; 13% risk of failure)
Press: ? - help, Shift-Dir - straight line, f/p - centaur
Aim: a centaur (heavily wounded)
The stone arrow hits the centaur.
The centaur is severely wounded.
The centaur misses you. The centaur hits you.
Unknown command.
Casting: Stone Arrow (safe; 13% risk of failure)
Confirm with . or Enter, or press ? or * to list all spells.
Aiming: Stone Arrow (safe; 13% risk of failure)
Press: ? - help, Shift-Dir - straight line, f/p - centaur
Aim: a centaur (severely wounded)
You miscast Stone Arrow.
You are very lightly contaminated with residual magic.
You feel a strange surge of energy! The centaur hits you. x2
Unknown command.
Casting: Stone Arrow (safe; 13% risk of failure)
Confirm with . or Enter, or press ? or * to list all spells.
Aiming: Stone Arrow (safe; 13% risk of failure)
Press: ? - help, Shift-Dir - straight line, f/p - centaur
Aim: a centaur (severely wounded)
You miscast Stone Arrow.
The floor shifts beneath you alarmingly!
The centaur hits you. x3; The centaur hits you!
* * * LOW HITPOINT WARNING * * *
Unknown command.
Casting: Stone Arrow (safe; 13% risk of failure)
Confirm with . or Enter, or press ? or * to list all spells.
Aiming: Stone Arrow (safe; 13% risk of failure)
Press: ? - help, Shift-Dir - straight line, f/p - centaur
Aim: a centaur (severely wounded)
The stone arrow hits the centaur.
You kill the centaur!
Vehumet accepts your kill. The centaur hits you!
* * * LOW HITPOINT WARNING * * *
Unknown command.
Casting: Stone Arrow (safe; 12% risk of failure)
Confirm with . or Enter, or press ? or * to list all spells.
You don't have enough magic to cast that spell.
Unknown command.
Unknown command.
Evoke which item? (* to show all) (? for menu, Esc to quit)
Okay, then.
Really read
i - 3 scrolls labeled KUISASUEC {!r}?
As you read the scroll labeled KUISASUEC {!r}, it crumbles to dust.
You feel blessed for a moment.
It was a scroll of remove curse {!r}.
The centaur misses you. The centaur closely misses you.
Really read
h - 3 scrolls labeled INAMUF YTOD {!r}?
As you read the scroll labeled INAMUF YTOD {!r}, it crumbles to dust.
You feel strangely unstable.
It was a scroll of teleportation {!r}.
The centaur hits you!
You die...

##.....#...# ..
.......###.# #.# ..s
.......# #.# #.# ....
##.#+#.# #.# #.# ...
#.#.#.###.# #.# ...o
#.#.#.....# #.# .....
#.#.#..#######.########
#.#.#...........c......
#.#............@).#
......#...>....###.#
..[...###...#### #
...............
..###.######### .. #..
. #.# #.#


You could see a centaur.

Vanquished Creatures
  Purgy (Sewer)
  An ogre (D:4)
  A centaur (D:5)
  A howler monkey (D:4)
  A crimson imp (D:5)
  A hound (D:5)
  An orc priest (D:4)
  A centaur skeleton (D:4)
  2 worker ants (D:4)
  A hound zombie (D:5)
  A hound skeleton (D:5)
  4 gnolls (D:3)
  3 adders (D:5)
  3 oozes
  An adder skeleton (D:4)
  A worm (D:4)
  5 leopard geckos
  4 orcs
  2 ball pythons (D:4)
  6 giant cockroaches
  A goblin (D:3)
  4 hobgoblins
  6 kobolds
  5 bats (Sewer)
  A rat (D:1)
  2 butterflies (D:5)
60 creatures vanquished.

Vanquished Creatures (others)
  6 toadstools (D:4)
6 creatures vanquished.

Grand Total: 66 creatures vanquished

Notes
Turn   | Place    | Note
-------+----------+-------------------------------------------
     0 | D:1      | Amnesiac the Mummy Earth Elementalist began the quest for the Orb.
     0 | D:1      | Reached XP level 1. HP: 13/13 MP: 4/4
   108 | D:1      | Reached XP level 2. HP: 12/19 MP: 2/5
   117 | D:1      | Learned a level 2 spell: Passwall
   229 | D:2      | Noticed Terence
   347 | D:3      | Reached XP level 3. HP: 11/24 MP: 0/7
   585 | D:3      | Learned a level 3 spell: Stone Arrow
  1154 | D:4      | Reached XP level 4. HP: 14/30 MP: 4/9
  1160 | D:4      | Learned a level 4 spell: Petrify
  1295 | D:4      | Found Cuolua Qiane's Book Shoppe.
  1495 | D:5      | Entered Level 5 of the Dungeon
  1546 | D:5      | Reached XP level 5. HP: 23/35 MP: 1/11
  1560 | D:5      | Found a glowing drain.
  1889 | Sewer    | Entered a sewer
  1976 | Sewer    | Noticed Purgy
  1985 | Sewer    | Killed Purgy
  2138 | D:5      | Noticed an orc warrior
  2155 | D:5      | Reached XP level 6. HP: 32/41 MP: 9/13
  2273 | D:4      | Reached skill level 5 in Spellcasting
  2273 | D:4      | Reached skill level 5 in Earth Magic
  2320 | D:4      | Learned a level 5 spell: Lee's Rapid Deconstruction
  3427 | D:5      | Reached XP level 7. HP: 46/46 MP: 11/15
  3616 | D:5      | Found a staircase to the Ecumenical Temple.
  3628 | Temple   | Entered the Ecumenical Temple
  3673 | Temple   | Became a worshipper of Vehumet
  3705 | D:5      | Slain by a centaur

Vault maps used:
D:1:      erik_arrival_cave_to_civilisation
D:2:      lemuel_coloured_pillars_altar, serial_bayou_lake_a, uniq_terence
D:3:      serial_glass, glass_columns_a, glass_columns_c, glass_columns_a,
          glass_columns_b, uniq_crazy_yiuf_cottage
D:4:      cheibrodos_fertilizer, serial_shops, nicolae_shop_statue_plus,
          first_ration, serial_co_window_serial, co_window_paths_a,
          co_window_corner_a, co_window_paths_b, co_window_cross_1,
          co_window_paths_b, co_window_of_opportunity_a, co_window_paths_a,
          co_window_corner_a, co_window_of_opportunity_a,
          co_window_of_opportunity_b, co_window_paths_c, co_window_corner_cb,
          co_window_cross_2, co_window_4corner_b, glass_columns_b,
          glass_columns_a, glass_columns_b, glass_columns_a
D:5:      minmay_temple_entry_butterflies, portal_sewer_entry_f
D:6:      minitemple, serial_shops, shop, grunt_ministairs_6, minivault_4,
          uniq_pikel, uniq_edmund
Temple:   eino_temple_scatter_basement
Sewer:    sewer_big_baddie

Skill      XL: |  1  2  3  4  5  6 |
---------------+-------------------+-----
Spellcasting   | 3 4 5 |  5.9
Earth Magic    | 3 4 5 |  5.9
Dodging        | |  1.5
Stealth        | |  1.5
Transmutations | |  0.7

Action                   |  1- 3 |  4- 6 |  7- 9 || total
-------------------------+-------+-------+-------++-------
Melee: Unarmed           |     4 |       |       ||     4
       Spear             |    31 |    58 |    14 ||   103
 Cast: Sandblast         |    21 |    63 |       ||    84
       Passwall          |       |     2 |       ||     2
       Stone Arrow       |       |    14 |    12 ||    26
       Lee's Rapid Decon |       |     1 |     1 ||     2
  Use: Scroll            |       |       |     2 ||     2
 Stab: Sleeping          |     2 |     1 |       ||     3
Armor: Robe              |     4 |    32 |     2 ||    38
Dodge: Dodged            |    23 |   107 |    16 ||   146

Table legend:
 A = Spawn XP
 B = Non-spawn XP
 C = Spawn XP percentage of total XP
 D = Spawn monster count
 E = Non-spawn monster count
 F = Spawn count percentage of total count
 G = Total turns spent on level
                    A         B        C        D         E        F      G
               +---------+---------+-------+---------+---------+-------+---------
         Total |       0 |     888 |   0.0 |       0 |      58 |   0.0 |  3705
               +---------+---------+-------+---------+---------+-------+---------
           D:1 |       0 |      14 |   0.0 |       0 |       7 |   0.0 |   173
           D:3 |       0 |      77 |   0.0 |       0 |       8 |   0.0 |   560
           D:4 |       0 |     368 |   0.0 |       0 |      25 |   0.0 |  2222
           D:5 |       0 |     292 |   0.0 |       0 |      12 |   0.0 |   392
         Sewer |       0 |     137 |   0.0 |       0 |       6 |   0.0 |   231
               +---------+---------+-------+---------+---------+-------+---------
